 Dungeon Crawl Stone Soup version 0.32-a0-450-g080537f31e (webtiles) character file.

Game seed: 5094515591622804921

161 Dittersdorf the Trooper (level 5, -2/34 HPs)
             Began as a Gargoyle Fighter on Feb 23, 2024.
             Slain by a gnoll
             ... wielding a +0 spear
              (4 damage)
             ... on level 3 of the Dungeon.
             The game lasted 00:01:54 (2180 turns).

Dittersdorf the Trooper (Gargoyle Fighter)          Turns: 2180, Time: 00:01:55

Health: -2/34      AC: 13    Str: 21    XL:     5   Next: 42%
Magic:  5/5        EV:  9    Int: 15    God:
Gold:   101        SH:  4    Dex:  9    Spells: 4/4 levels left

rFire   . . .        a - +0 flail
rCold   . . .        c - +0 buckler
rNeg    + . .        b - +0 scale mail
rPois   ∞            i - +0 helmet
rElec   +            k - +0 cloak
rCorr   +            (no gloves)
SInv    .            (no boots)
Will    .....        (no amulet) Stlth
                     g - ring of resist corrosion
HPRegen 0.25/turn    n - +6 ring of intelligence
MPRegen 0.09/turn

%: no passive effects
@: no status effects
A: sickness immunity, AC +4, negative energy resistance 1, electricity
resistance, torment resistance 1, petrification resistance
a: no special abilities


You were on level 3 of the Dungeon.
You visited 1 branch of the dungeon, and saw 3 of its levels.

You collected 101 gold pieces.

Inventory:

Hand Weapons
 a - a +0 flail (weapon)
Armour
 b - a +0 scale mail (worn)
 c - a +0 buckler (worn)
 i - a +0 helmet (worn)
 k - a +0 cloak (worn)
Jewellery
 g - a ring of resist corrosion (left hand)
 n - a +6 ring of intelligence (right hand)
Scrolls
 e - 6 scrolls of identify {unknown}
 j - a scroll of teleportation {unknown}
 l - a scroll of revelation {unknown}
 m - a scroll of poison {unknown}
Potions
 d - a potion of might
 f - 2 potions of mutation {unknown}
 h - a potion of attraction {unknown}
 o - a potion of resistance {unknown}


   Skills:
 + Level 4.3 Fighting
 + Level 3.1 Maces & Flails
 + Level 4.2 Armour
 + Level 4.3 Shields


You had 4 spell levels left.
You didn't know any spells.
Your spell library contained the following spells:

 Spells                   Type           Power      Damage    Failure   Level
 Apportation              Tloc           0%         N/A       65%         1
 Jinxbite                 Hex            0%         N/A       78%         2
 Alistair's Intoxication  Alch           0%         N/A       100%        5


Dungeon Overview and Level Annotations

Branches:
Dungeon (3/15)

Altars:
Makhleb

Shops:
D:1 =


Innate Abilities, Weirdness & Mutations

You are immune to sickness and miasma.
Your stone body is resilient. (AC +4)
You are immune to poison.
You resist negative energy. (rN+)
You are resistant to electric shocks. (rElec)
You are resistant to unholy torment.
You are immune to petrification.


Message History

The gnoll hits you but does no damage. The gnoll closely misses you.
The gnoll hits you with a +0 spear.
You sock the gnoll!
You kill the gnoll!
The gnoll hits you but does no damage. The gnoll barely misses you.
Things that are here:
a +0 spear; a gnoll corpse You hit the gnoll.
The gnoll is moderately wounded.
The gnoll hits you but does no damage.
You hit the gnoll.
The gnoll is moderately wounded.
The gnoll hits you with a +0 spear!
* * * LOW HITPOINT WARNING * * *
A gnoll comes into view. It is wielding a +0 club.
You hit the gnoll.
The gnoll is severely wounded.
The gnoll hits you but does no damage. x2
You completely miss the gnoll.
The gnoll is heavily wounded.
You block the gnoll's attack.
You hit the gnoll but do no damage.
The gnoll is heavily wounded.
The gnoll hits you but does no damage.
You hit the gnoll.
The gnoll is almost dead.
The gnoll hits you with a +0 spear.
* * * LOW HITPOINT WARNING * * *
You closely miss the gnoll.
The gnoll is almost dead.
The gnoll barely misses you. The gnoll hits you with a +0 spear.
* * * LOW HITPOINT WARNING * * *
You hit the gnoll but do no damage.
The gnoll is almost dead.
The gnoll hits you but does no damage.
You closely miss the gnoll.
The gnoll is almost dead.
The gnoll hits you with a +0 spear.
You die...

#........ #........
#........ #.#......
#########.#.#####
........#.#.#
#####.#.#.#
#.#####.........##
#.gg@)..###.#....####
######### #.###......
#.# #..#### #.# #..#
#.# #..#### #..
....... ######.....
#..... #.....


You could see 2 gnolls.

Vanquished Creatures
  Robin (D:2)
  5 gnolls (D:3)
  An adder (D:3)
  A dart slug (D:1)
  4 endoplasms
  2 giant cockroaches (D:1)
  12 goblins
  13 hobgoblins
  13 jackals
  7 kobolds
  2 quokkas (D:1)
  3 ball pythons (D:2)
  5 bats
  4 frilled lizards
  7 rats
80 creatures vanquished.

Notes
Turn   | Place    | Note
-------+----------+-------------------------------------------
     0 | D:1      | Dittersdorf the Gargoyle Fighter began the quest for the
                  | Orb.
     0 | D:1      | Reached XP level 1. HP: 14/14 MP: 1/1
    44 | D:1      | Reached XP level 2. HP: 19/19 MP: 2/2
   194 | D:1      | Found Get Fin's Jewellery Boutique.
   278 | D:1      | Reached XP level 3. HP: 21/23 MP: 3/3
   936 | D:2      | Found a burning altar of Makhleb.
  1039 | D:2      | Reached XP level 4. HP: 29/29 MP: 4/4
  1287 | D:2      | Noticed Robin
  1333 | D:2      | Killed Robin
  1643 | D:3      | Reached XP level 5. HP: 20/33 MP: 5/5
  1991 | D:3      | Found a faded altar of an unknown god.
  2180 | D:3      | Slain by a gnoll

Illustrated notes

Levels and vault maps discovered:
D:1:      dpeg_arrival_connections, layout_loops_ring, serial_shops,
          nicolae_shop_advertising_works [nicolae_subvault_shop_adworks],
          chequers_serial_rivers_micro_e, hangedman_decor_opposing
D:2:      layout_loops_ring, basic_altar, minmay_pentomino_z4, uniq_robin
D:3:      layout_loops_ring, hellmonk_ecumenical_altar_leap_of_faith

Skill      XL: |  1  2  3  4 |
---------------+-------------+-----
Fighting       | 4 |  4.3
Armour         | 4 |  4.2
Shields        | 4 |  4.3
Maces & Flails | 3 |  3.1

Action                     |  1- 3 |  4- 6 || total
---------------------------+-------+-------++-------
  Melee: Flail             |   126 |   133 ||   259
 Armour: Scale mail        |   112 |   121 ||   233
  Dodge: Dodged            |    81 |    72 ||   153
  Block: Buckler           |    39 |    36 ||    75

Table legend: (Time is in decaauts)
 A = Elapsed time spent in this place.
 B = Non-inter-level travel time spent in this place.
 C = Inter-level travel time spent in this place.
 D = Time resting spent in this place.
 E = Time spent auto-exploring this place.
 F = Levels seen in this place.
 G = Mean time per level.
                   A        B        C        D        E       F      G
               +--------+--------+--------+--------+--------+-----+--------+
         Total |   2256 |   2178 |     78 |    129 |   1491 |   3 |  752.0 |
       Dungeon |   2256 |   2178 |     78 |    129 |   1491 |   3 |  752.0 |
               +--------+--------+--------+--------+--------+-----+--------+

Top non-repeatable levels by time:
     D:1: 848 daAuts
     D:2: 810 daAuts
     D:3: 597 daAuts
